 Dungeon Crawl Stone Soup version 0.20.1-1-g8b1a95d (webtiles) character file.

238 McKennaii the Ruffian (level 5, -3/41 HPs)
             Began as a Draconian Transmuter on July 23, 2017.
             Was an Initiate of Nemelex Xobeh.
             Slain by an iguana (8 damage)
             ... on level 5 of the Dungeon.
             The game lasted 00:07:08 (4563 turns).

McKennaii the Ruffian (Draconian Transmuter)        Turns: 4563, Time: 00:07:10

Health: -3/41      AC:  6    Str: 12    XL:     5   Next: 78%
Magic:  9/9        EV: 12    Int: 18    God:    Nemelex Xobeh [......]
Gold:   317        SH:  0    Dex: 11    Spells: 6/9 levels left

rFire    . . .     SeeInvis .     - Unarmed
rCold    . . .     Gourm    .   (no shield)
rNeg     . . .     Faith    .   (armour unavailable)
rPois    .         Spirit   .   (helmet restricted)
rElec    .         Reflect  .   (no cloak)
rCorr    .         Harm     .   (no gloves)
MR       .....     Rnd*Tele +   g - +0 pair of boots
Stlth    +.........             (no amulet)
Regen    0.2/turn               l - +3 ring of intelligence
MPRegen  0.2/turn               u - ring of teleportation (curse)

@: drained
A: unfitting armour, cold-blooded, AC +5
a: Renounce Religion


You were on level 5 of the Dungeon.
You worshipped Nemelex Xobeh.
Nemelex Xobeh was noncommittal.
You were not hungry.

You visited 2 branches of the dungeon, and saw 6 of its levels.

You collected 317 gold pieces.

Inventory:

Missiles
 a - 66 arrows
Armour
 g - a +0 pair of boots (worn)
Jewellery
 l - a +3 ring of intelligence (left hand)
 u - a cursed ring of teleportation (right hand)
Wands
 h - a wand of random effects (20/48)
 r - a wand of disintegration (13/24)
 v - a wand of random effects (12/48)
Scrolls
 j - a scroll of amnesia {unknown}
 k - 2 scrolls of recharging {unknown}
 n - a scroll of fog
 o - 7 scrolls of identify {unknown}
 s - 2 scrolls of teleportation
 t - a scroll of blinking {unknown}
 w - a scroll of remove curse
Potions
 d - a potion of magic {unknown}
 e - 2 potions of heal wounds
 f - 3 potions of agility {unknown}
 i - a potion of resistance {unknown}
 q - 5 potions of curing {unknown}
 z - a potion of invisibility {unknown}
Books
 b - a book of Changes

   Spells                             Type                      Level
   a - Beastly Appendage              Transmutation                1
   b - Sticks to Snakes               Transmutation                2
   c - Spider Form                    Transmutation/Poison         3
   d - Ice Form                       Ice/Transmutation            4
   e - Blade Hands                    Transmutation                5
Miscellaneous
 y - a plain deck of summoning
Comestibles
 c - 2 bread rations
 m - 2 meat rations
 p - a royal jelly
 x - 5 chunks of flesh


   Skills:
 + Level 1.7(1.1) Fighting
 + Level 2.6(2.1) Dodging
 + Level 0.6(0.1) Stealth
 + Level 4.6(4.1) Unarmed Combat
 + Level 2.6(2.1) Spellcasting
 * Level 3.4(2.9) Transmutations


You had 6 spell levels left.
You knew the following spells:

 Your Spells              Type           Power        Failure   Level  Hunger
a - Beastly Appendage     Tmut           ##....       5%          1    #......
b - Sticks to Snakes      Tmut           ##......     9%          2    ###....


Dungeon Overview and Level Annotations

Branches:
Dungeon (5/15)             Temple (1/1) D:4

Altars:
Cheibriados
Fedhas
Gozag
Kikubaaqudgha
Makhleb
Nemelex Xobeh
Sif Muna
Uskayaw
Xom
Yredelemnul
Zin

Shops:
D:4 }


Innate Abilities, Weirdness & Mutations

Your plain brown scales are hard. (AC +5)
You cannot fit into any form of body armour.
You are cold-blooded and may be slowed by cold attacks.


Message History

You butcher the worker ant corpse.
x - 5 chunks of flesh (gained 2)
You start resting.
You feel sick.
You are suddenly yanked towards a nearby monster!
Your surroundings suddenly seem different.
An iguana comes into view.
The iguana hisses angrily.
You closely miss the iguana.
You tail-slap the iguana, but do no damage.
The iguana bites you.
* * * LOW HITPOINT WARNING * * *
You hit the iguana but do no damage. The iguana closely misses you.
You hit the iguana but do no damage.
You tail-slap the iguana, but do no damage.
You feel sick.
You are no longer poisoned.
The iguana bites you!
You die...
Your body disappears without a glow.

...##>.#####.# ... ..##
#........# .. #
#.######.# .. ##'## #.#
#. ##...## #.# ##.
##.....## #<#
##..#####.......###..
####.....##.........####
......l@..+.........+...
##.......##.........####
#.#.....###...>...## #
#.....# ##.....##
####### ##...## ##'##
#.# #.# ####.###


You could see an iguana.

Vanquished Creatures
  3 worker ants
  3 gnolls
  2 worms
  2 dart slugs
  3 leopard geckos (D:3)
  An orc (D:4)
  A ball python (D:2)
  2 giant cockroaches
  6 hobgoblins
  7 kobolds
  2 quokkas (D:3)
  10 bats
  5 frilled lizards
  6 goblins
  11 rats
64 creatures vanquished.

Vanquished Creatures (collateral kills)
  A centaur (D:4)
  4 gnolls
5 creatures vanquished.

Grand Total: 69 creatures vanquished

Notes
Turn   | Place    | Note
-------+----------+-------------------------------------------
     0 | D:1      | McKennaii the Draconian Transmuter began the quest for the Orb.
     0 | D:1      | Reached XP level 1. HP: 16/16 MP: 3/3
   163 | D:1      | Reached XP level 2. HP: 15/23 MP: 5/5
   167 | D:1      | Learned a level 2 spell: Sticks to Snakes
  1151 | D:2      | Reached XP level 3. HP: 26/28 MP: 6/6
  1895 | D:3      | Reached skill level 4 in Unarmed Combat
  1927 | D:3      | Reached XP level 4. HP: 25/35 MP: 7/7
  2464 | D:3      | Found a faded altar of an unknown god.
  3301 | D:2      | Found a blossoming altar of Fedhas.
  3360 | D:4      | Noticed a centaur
  3370 | D:4      | Killed a centaur
  3370 | D:4      | Reached XP level 5. HP: 17/40 MP: 3/8
  3648 | D:4      | Found Wavakuhu's Gadget Shop.
  4044 | D:4      | Found a staircase to the Ecumenical Temple.
  4168 | Temple   | Entered the Ecumenical Temple
  4246 | Temple   | Became a worshipper of Nemelex Xobeh the Trickster
  4337 | D:5      | Entered Level 5 of the Dungeon
  4511 | D:5      | Received a gift from Nemelex Xobeh
  4563 | D:5      | Slain by an iguana

Skill      XL: |  1  2  3  4 |
---------------+-------------+-----
Dodging        | 2 |  2.6
Unarmed Combat | 4 |  4.6
Transmutations | 3 |  3.4
Fighting       | |  1.7
Stealth        | |  0.6
Spellcasting   | |  2.6

Action                   |  1- 3 |  4- 6 || total
-------------------------+-------+-------++-------
Melee: Unarmed           |   144 |   154 ||   298
       Tailslap          |    12 |    13 ||    25
       Punch             |     4 |     1 ||     5
 Cast: Sticks to Snakes  |       |    11 ||    11
  Use: Scroll            |     4 |       ||     4
       Potion            |       |     2 ||     2
  Eat: Chunk             |     3 |     8 ||    11
       Royal jelly       |       |     1 ||     1
Armor: Skin              |    48 |    46 ||    94
Dodge: Dodged            |    96 |    92 ||   188
Block: Shield            |     8 |       ||     8
